 Dungeon Crawl Stone Soup version 0.20-a0-1074-g6a0a8e1 (webtiles) character file.

472 JiminyCricket the Cudgeler (level 6, -3/56 HPs)
             Began as a Minotaur Berserker on Apr 29, 2017.
             Was a Believer of Trog.
             Slain by an ogre
             ... wielding a +0 giant club
              (18 damage)
             ... on level 4 of the Dungeon.
             The game lasted 00:09:42 (3358 turns).

JiminyCricket the Cudgeler (Minotaur Berserker)     Turns: 3358, Time: 00:09:43

Health: -3/56      AC: 18    Str: 24    XL:     6   Next: 83%
Magic:  5/5        EV:  7    Int:  4    God:    Trog [**....]
Gold:   199        SH:  3    Dex:  9    Spells: 5/5 levels left

rFire    . . .     SeeInvis .   u - +2 mace (protect)
rCold    . . .     Gourm    .   (no shield)
rNeg     . . .     Faith    .   h - +0 plate armour
rPois    .         Spirit   .   (helmet restricted)
rElec    .         Reflect  +   (no cloak)
rCorr    .         Harm     .   (no gloves)
MR       .....                  (no boots)
Stlth    ..........             e - +3 amulet of reflection
Regen    0.2/turn               (no ring)
MPRegen  0.1/turn               (no ring)

@: protection aura
A: retaliatory headbutt, horns 2
a: Berserk, Trog's Hand, Burn Spellbooks, Renounce Religion


You were on level 4 of the Dungeon.
You worshipped Trog.
Trog was pleased with you.
You were not hungry.

You visited 1 branch of the dungeon, and saw 4 of its levels.

You collected 199 gold pieces.

Inventory:

Hand Weapons
 a - a +0 hand axe
 t - a +0 whip of freezing
 u - a +2 mace of protection (weapon)
Missiles
 v - a tomahawk (quivered)
Armour
 h - a +0 plate armour (worn)
Jewellery
 e - a +3 amulet of reflection (around neck)
 z - an uncursed ring of magical power
Wands
 s - a wand of confusion (28/48)
 x - a wand of flame (21/48)
Scrolls
 d - 3 scrolls of magic mapping {unknown}
 i - 3 scrolls of identify {unknown}
 o - 2 scrolls of recharging {unknown}
 q - a scroll of blinking {unknown}
 w - 2 scrolls of remove curse {unknown}
 y - a scroll of teleportation {unknown}
Potions
 b - a potion of brilliance {unknown}
 j - a potion of might {unknown}
 k - a potion of heal wounds {unknown}
 l - a potion of flight {unknown}
 p - a potion of ambrosia {unknown}
 r - a potion of resistance {unknown}
 A - a potion of haste {unknown}
Comestibles
 c - 3 bread rations
 g - a royal jelly
 m - a fruit
 n - 2 meat rations


   Skills:
 + Level 5.4 Fighting
 - Level 4.8(6.1) Axes
 * Level 5.8(6.6) Maces & Flails
 + Level 3.8 Armour
 - Level 2.1 Dodging
 - Level 0.5 Stealth


You had 5 spell levels left.
You didn't know any spells.

Dungeon Overview and Level Annotations

Branches:
Dungeon (4/15)
 Temple: D:4-7

Altars:
Dithmenos
Fedhas
Kikubaaqudgha
Ru


Innate Abilities, Weirdness & Mutations

You reflexively headbutt those who attack you in melee.
You have a pair of horns on your head.


Message History

Items here: ))) [[[ †††† You hit the orc but do no damage.
Your weapon exudes an aura of protection.
The orc barely misses you.
An ogre comes into view. It is wielding a giant club.
Your plate armour prevents you from hitting the orc.
The ogre shouts!
The orc hits you but does no damage.
You sock the orc!
You kill the orc!
Trog accepts your kill.
Items here: ))) [[[ †††† The ogre hits you with a giant club!
You closely miss the ogre. The ogre hits you with a giant club!!
* * * LOW HITPOINT WARNING * * *
You sock the ogre!
Your weapon exudes an aura of protection.
The ogre is moderately wounded.
The ogre hits you with a giant club!!
You die...

#................
#########....##.#
#..........##.#
#.####.##.....#
#.##.....#
#.####........#
#........<...##
#########....#####
...........O@).#
.#############.#
........#
........#
........# ..
........# ######..
####..... #......>
#...... #.......
#....... #.......


You could see an ogre.

Vanquished Creatures
  A phantom (D:4)
  5 orc priests
  Crazy Yiuf (D:2)
  A bullfrog skeleton (D:4)
  2 orc wizards (D:4)
  3 adders
  A shadow imp (D:3)
  2 worms
  3 leopard geckos
  12 orcs
  12 bats
  8 giant cockroaches
  8 goblins
  6 hobgoblins
  9 jackals
  7 kobolds
  4 frilled lizards
  6 rats
91 creatures vanquished.

Notes
Turn   | Place    | Note
-------+----------+-------------------------------------------
     0 | D:1      | JiminyCricket the Minotaur Berserker began the quest for the Orb.
     0 | D:1      | Reached XP level 1. HP: 19/19 MP: 0/0
   442 | D:1      | Reached XP level 2. HP: 27/27 MP: 1/1
   957 | D:1      | Reached ** piety under Trog
  1085 | D:1      | Reached XP level 3. HP: 33/33 MP: 2/2
  1434 | D:2      | Found a faded altar of an unknown god.
  1597 | D:2      | Found a shadowy altar of Dithmenos.
  1912 | D:2      | Found a runed door.
  1916 | D:2      | Noticed Crazy Yiuf
  1920 | D:2      | Killed Crazy Yiuf
  1920 | D:2      | Reached skill level 1 in Maces & Flails
  1920 | D:2      | Reached XP level 4. HP: 41/41 MP: 3/3
  2217 | D:3      | Reached skill level 5 in Fighting
  2220 | D:3      | Reached XP level 5. HP: 47/48 MP: 4/4
  2378 | D:3      | Found an ancient bone altar of Kikubaaqudgha.
  2571 | D:3      | Found a blossoming altar of Fedhas.
  2692 | D:4      | Found a sacrificial altar of Ru.
  2859 | D:4      | Noticed a phantom
  2882 | D:4      | Killed a phantom
  2882 | D:4      | Reached XP level 6. HP: 42/56 MP: 5/5
  3109 | D:4      | Reached skill level 5 in Maces & Flails
  3358 | D:4      | Slain by an ogre

Vault maps used:
D:1:      minmay_arrival_three_doors
D:2:      grunt_dithmenos_smoke_and_mirrors, chequers_ecumenical_altar_island,
          uniq_crazy_yiuf_cottage
D:3:      kiku_gazebo_garden_becter, nicolae_overflow_hidden_temple
D:4:      led_sif_pool, lemuel_round_altar, first_bread

Skill      XL: |  1  2  3  4  5  6 |
---------------+-------------------+-----
Fighting       | 4 5 |  5.4
Axes           | 4 |  4.8
Maces & Flails | 1 2 4 5 |  5.8
Armour         | 3 |  3.8
Dodging        | |  2.1
Stealth        | |  0.5

Action                   |  1- 3 |  4- 6 || total
-------------------------+-------+-------++-------
Melee: Hand axe          |   102 |       ||   102
       Headbutt          |    13 |    14 ||    27
       Mace              |     2 |   135 ||   137
Invok: Berserk           |     2 |     2 ||     4
  Eat: Chunk             |     4 |     8 ||    12
Armor: Animal skin       |     3 |       ||     3
       Plate armour      |    66 |    66 ||   132
Dodge: Dodged            |    56 |    42 ||    98
Block: Other             |    17 |    10 ||    27
